 Dungeon Crawl Stone Soup version 0.19.0 (webtiles) character file.

87112 lube99 the Warrior (level 15, -14/152 HPs)
             Began as a Minotaur Berserker on Nov 1, 2016.
             Was the Champion of Trog.
             Demolished by Sonja
             ... wielding a +2 dagger of distortion
              (18 damage)
             ... on level 2 of the Orcish Mines on Nov 2, 2016.
             The game lasted 02:02:27 (21128 turns).

lube99 the Warrior (Minotaur Berserker)            Turns: 21128, Time: 02:02:27

Health: -14/152    AC: 30    Str: 34    XL:     15   Next: 42%
Magic:  14/14      EV: 14    Int:  9    God:    Trog [******]
Gold:   1209       SH:  0    Dex: 11    Spells: 0 memorised, 14 levels left

rFire  . . .     SeeInvis .     e - +0 executioner's axe (venom)
rCold  . . .     Gourm    .     n - +8 plate armour "Resusuwi" {Int+5}
rNeg   . . .     Faith    +     (shield currently unavailable)
rPois  .         Spirit   .     (helmet restricted)
rElec  .         Reflect  .     (no cloak)
rCorr  .         Harm     .     Q - +2 pair of gloves
MR     +....                    o - +2 pair of boots
Stlth  ..........               a - amulet of faith
                                m - +3 ring of strength
                                L - +4 ring of strength

@: lethally poisoned (-14 -> -18), exhausted, about to teleport, slowed, very
slow
A: retaliatory headbutt, horns 2, blurry vision 1, screaming 1
a: Berserk, Trog's Hand, Brothers in Arms, Burn Spellbooks, Renounce Religion


You were on level 2 of the Orcish Mines.
You worshipped Trog.
Trog was exalted by your worship.
You were hungry.

You visited 4 branches of the dungeon, and saw 19 of its levels.
You visited the Abyss 2 times.

You collected 2201 gold pieces.
You spent 992 gold pieces at shops.

Inventory:

Hand Weapons
 e - a +0 executioner's axe of venom (weapon)
 h - a +5 hand crossbow of flaming
 K - a +4 antimagic battleaxe
 R - a +4 battleaxe of electrocution
Missiles
 b - 35 bolts
Armour
 n - the +8 plate armour "Resusuwi" (worn) {Int+5}
   (You found it on level 13 of the Dungeon)

   It affects your intelligence (+5).
 o - a +2 pair of boots (worn)
 u - a +3 chain mail of magic resistance
 Q - a +2 pair of gloves (worn)
Jewellery
 a - an amulet of faith (around neck)
 k - an uncursed ring of protection from cold
 m - a +3 ring of strength (right hand)
 w - an uncursed ring of fire
 L - a +4 ring of strength (left hand)
 X - an uncursed ring of ice
Wands
 p - a wand of iceblast (5/15)
 x - a wand of flame (19/48)
 B - a wand of flame (30/48)
 C - a wand of digging (6/24)
 D - a wand of disintegration (7/24)
 E - a wand of flame (15/48)
 F - a wand of digging (20/24)
 S - a wand of paralysis (23/24)
 U - a wand of flame (28/48)
 Y - a wand of confusion (16/48)
Scrolls
 g - a scroll of magic mapping
 l - 10 scrolls of remove curse
 q - 3 scrolls of recharging
 P - 6 scrolls of identify
 T - 2 scrolls of enchant armour {unknown}
 V - 2 scrolls of noise {unknown}
Potions
 d - 5 potions of lignification
 i - 4 potions of agility
 j - 2 potions of invisibility
 s - a potion of ambrosia {unknown}
 t - 5 potions of degeneration
 z - a potion of flight
 A - 3 potions of magic
 I - 3 potions of berserk rage {unknown}
 N - a potion of experience {unknown}
 W - a potion of beneficial mutation
Books
 Z - a book of the Earth

   Spells                             Type                      Level
   a - Leda's Liquefaction            Hexes/Earth                  4
   b - Bolt of Magma                  Conjuration/Fire/Earth       5
   c - Statue Form                    Transmutation/Earth          6
   d - Iron Shot                      Conjuration/Earth            6
   e - Shatter                        Earth                        9
   Trog disapproves of the use of such an item.
Comestibles
 G - 7 fruits


   Skills:
 + Level 19.3 Fighting
 + Level 18.1 Axes
 - Level 12.0 Armour
 + Level 12.6 Dodging


You had 14 spell levels left.
You didn't know any spells.

Dungeon Overview and Level Annotations

Branches:
Dungeon (15/15)            Temple (1/1) D:4            Lair (0/6) D:9
    Orc (2/2) D:11            Elf (0/3) Orc:2        Vaults (0/5) D:13
 Depths (1/5) D:15

Altars:
Dithmenos
Elyvilon
Gozag
Hepliaklqana
Kikubaaqudgha
Nemelex Xobeh
Okawaru
Ru
Sif Muna
Vehumet
Xom
Zin
The Shining One
Beogh

Shops:
D:6 ?[*%   Orc:2 !:[!

Portals:
Hell: Depths:1

Annotations:
D:3 Neder's ghost, weakling DsFi
Orc:2 Sonja


Innate Abilities, Weirdness & Mutations

You reflexively headbutt those who attack you in melee.
You have a pair of horns on your head.
Scrolls take you a little longer to read.
You occasionally shout uncontrollably at your foes.


Message History

You are exhausted.
You feel yourself slow down.
You feel sick.
You pass through the gate.
Welcome back to the Orcish Mines! x2
Level annotation: Sonja You feel sick.
Sonja hits you with an uncursed dagger of distortion.
* * * LOW HITPOINT WARNING * * *
Space bends around you.
* * * LOW HITPOINT WARNING * * *
Sonja closely misses you. Sonja barely misses you.
Sonja hits you but does no damage.
You feel strangely unstable. Sonja barely misses you.
Sonja hits you but does no damage. Space warps horribly around you!
* * * LOW HITPOINT WARNING * * *
Sonja twirls her cape.
Sonja hits you but does no damage. Space warps horribly around you!
* * * LOW HITPOINT WARNING * * *
Sonja hits you but does no damage. Space warps horribly around you!
You die...

#...........(....##≈.#.......)..
#................##§≈#_.....###'
##.........(.....###≈###8..##...
#........#.#.....####≈≈...##....
#...#............####§§≈##.....
#...<............#######≈..8.≈
##........#.((#....#### #≈...≈≈
#.......)..#.#........###≈..≈≈.
#..........#...@.......##∩..8...
##.##....##...K........###≈§.≈§.
## #.#.#..............###§§§.≈≈
#...#................##≈§§8.≈
##...#...............###≈≈.§§
#...................####≈≈..
##.....#.............####≈≈≈
#....................######
...##........#........#####


You could see Sonja.

Vanquished Creatures
  Rupert (Orc:2)
  Gastronok (D:8)
  A tentacled starspawn (Abyss:2)
  Frances (D:12)
  A fire giant (D:13)
  A ghost moth (Abyss:2)
  An angel (Abyss:1)
  A cacodemon (Abyss:1)
  The ghost of Grim the Grappler, a journeyman MiBe of Trog (D:14)
  A very ugly thing (Abyss:1)
  Azrael (D:14)
  A yaktaur captain (D:15)
  An ogre mage (D:15)
  Erolcha (Orc:2)
  A hydra (D:13)
  A death knight (D:15)
  6 centaur warriors
  Urug (D:14)
  A thrashing horror (Abyss:1)
  2 titan zombies (D:13)
  A tengu warrior (D:13)
  An orc high priest (Orc:1)
  A storm dragon zombie (Abyss:1)
  A wretched star (Orc:2)
  The ghost of Ropoloid1 the Basher, a novice GrFi of Okawaru (D:8)
  A spatial maelstrom (Abyss:2)
  2 unseen horrors
  A skeletal warrior (D:13)
  2 deep elf magi (Orc:2)
  An orc knight (D:13)
  19 hill giants
  7 ugly things
  A manticore (D:12)
  10 orc sorcerers
  A wolf spider (D:15)
  2 cyclopes (D:13)
  2 apocalypse crabs
  A water nymph (shapeshifter) (D:14)
  2 smoke demons (Abyss:2)
  10 centaur skeletons
  A gargoyle (D:13)
  An orange demon (Abyss:1)
  A komodo dragon (D:9)
  3 yaktaurs
  2 ancient zymes
  An efreet (Abyss:1)
  3 freezing wraiths
  A tengu conjurer (D:14)
  5 trolls
  A hornet (D:9)
  Grinder (D:3)
  7 slime creatures
  6 two-headed ogres
  2 hippogriffs
  5 raiju
  2 dream sheep (D:13)
  6 large abominations
  A meliai zombie (D:13)
  2 shadows
  4 water elementals (D:13)
  5 wraiths
  3 starcursed masses (Abyss:2)
  5 ynoxinuls
  3 small abominations
  Eustachio (D:5)
  A fire bat (Abyss:1)
  29 yaks
  Grum (D:10)
  3 neqoxecs (Abyss:1)
  3 hungry ghosts
  7 fire elementals
  Menkaure (D:5)
  An insubstantial wisp (Abyss:2)
  A mottled dragon (D:9)
  6 wargs
  Duvessa (D:6)
  2 hell hounds (D:14)
  A black bear (D:10)
  A hornet zombie (D:14)
  8 sky beasts
  3 ice beasts
  16 orc warriors
  A swamp drake (Orc:2)
  2 eyes of draining
  16 centaurs
  5 phantoms
  6 wolves
  18 ogres
  A crocodile (D:9)
  7 big kobolds
  8 bullfrogs
  A wyvern zombie (D:15)
  2 cyclops zombies (D:13)
  A wyvern skeleton (D:13)
  Dowan (D:6)
  A water moccasin skeleton (D:10)
  3 scorpions
  6 killer bees
  20 wights
  8 howler monkeys
  A bullfrog zombie (D:12)
  2 centaur zombies
  9 crimson imps
  4 jellies
  3 quasits
  11 hounds
  10 orc priests
  A bullfrog skeleton (D:12)
  3 iron imps
  8 iguanas
  41 orc wizards
  10 worker ants
  A hound skeleton (D:5)
  10 adders
  11 gnolls
  5 shadow imps
  A white imp (Orc:2)
  An ufetubus (Abyss:1)
  An ooze (D:6)
  An adder zombie (D:6)
  9 worms
  4 dart slugs
  7 leopard geckos
  76 orcs
  2 ball pythons
  5 bats
  5 giant cockroaches
  7 hobgoblins
  3 jackals (D:2)
  22 kobolds
  4 quokkas
  2 frilled lizards (D:3)
  A goblin (D:1)
  10 rats
  A fire vortex (D:13)
  A starspawn tentacle (Abyss:2)
650 creatures vanquished.

Vanquished Creatures (others)
  An ugly thing (D:14)
  An orc wizard (Orc:2)
  7 plants (D:13)
  A starspawn tentacle (Abyss:2)
10 creatures vanquished.

Grand Total: 660 creatures vanquished

Notes
Turn   | Place    | Note
-------+----------+-------------------------------------------
     0 | D:1      | lube99 the Minotaur Berserker began the quest for the Orb.
     0 | D:1      | Reached XP level 1. HP: 19/19 MP: 0/0
   116 | D:1      | Reached skill level 4 in Fighting
   133 | D:1      | Reached XP level 2. HP: 28/28 MP: 1/1
   678 | D:2      | Reached skill level 5 in Fighting
   678 | D:2      | Reached XP level 3. HP: 36/36 MP: 2/2
   863 | D:2      | Reached ** piety under Trog
  1427 | D:3      | Noticed Neder's ghost (weakling DsFi)
  1462 | D:3      | Reached skill level 6 in Fighting
  1462 | D:3      | Reached XP level 4. HP: 40/44 MP: 3/3
  1512 | D:3      | Noticed Grinder
  1531 | D:3      | Killed Grinder
  1531 | D:3      | Reached skill level 8 in Fighting
  1531 | D:3      | Reached XP level 5. HP: 8/55 MP: 4/4
  1531 | D:3      | Reached XP level 6. HP: 9/62 MP: 5/5
  1973 | D:3      | Found a faded altar of an unknown god.
  2461 | D:4      | Found an opulent altar of Gozag.
  2674 | D:4      | Found a staircase to the Ecumenical Temple.
  2705 | D:4      | Found a glowing golden altar of the Shining One.
  2834 | Temple   | Entered the Ecumenical Temple
  2846 | D:5      | Entered Level 5 of the Dungeon
  2856 | D:5      | Noticed a sky beast
  2863 | D:5      | Killed a sky beast
  2863 | D:5      | Reached skill level 9 in Fighting
  2863 | D:5      | Reached XP level 7. HP: 70/70 MP: 6/6
  2866 | D:5      | Noticed Eustachio
  2905 | D:4      | Reached *** piety under Trog
  2905 | D:4      | Reached skill level 5 in Axes
  3025 | D:5      | Killed Eustachio
  3451 | D:5      | Noticed Menkaure
  3463 | D:5      | Killed Menkaure
  3463 | D:5      | Reached skill level 10 in Fighting
  3564 | D:5      | Reached XP level 8. HP: 67/79 MP: 7/7
  3727 | D:6      | Found Laeffamm's Magic Scroll Shoppe.
  3776 | D:6      | Found Ocwulets's Armour Emporium.
  3977 | D:6      | Found Kasizyutt's Food Shop.
  4033 | D:6      | Noticed Duvessa
  4037 | D:6      | Killed Duvessa
  4062 | D:6      | Noticed Dowan
  4064 | D:6      | Killed Dowan
  4378 | D:6      | Found a shadowy altar of Dithmenos.
  4426 | D:6      | Found a radiant altar of Vehumet.
  4426 | D:6      | Found a glowing silver altar of Zin.
  4440 | D:6      | Found a sacrificial altar of Ru.
  4441 | D:6      | Found a deep blue altar of Sif Muna.
  4490 | D:6      | Found a white marble altar of Elyvilon.
  4496 | D:6      | Reached skill level 11 in Fighting
  4568 | D:6      | Reached **** piety under Trog
  4803 | D:6      | Found Iresutoe's General Store.
  4858 | D:6      | Found a sparkling altar of Nemelex Xobeh.
  5024 | D:7      | Reached XP level 9. HP: 89/89 MP: 8/8
  5113 | D:7      | Found a hazy altar of Hepliaklqana.
  5436 | D:7      | Reached skill level 5 in Armour
  5664 | D:8      | Noticed Ropoloid1's ghost (novice GrFi)
  5672 | D:8      | Killed Ropoloid1's ghost
  5672 | D:8      | Reached skill level 12 in Fighting
  5888 | D:8      | Noticed Gastronok
  5898 | D:8      | Killed Gastronok
  5898 | D:8      | Reached skill level 10 in Axes
  5898 | D:8      | Reached XP level 10. HP: 100/100 MP: 9/9
  6403 | D:8      | Reached skill level 13 in Fighting
  6644 | D:9      | Noticed a purple ugly thing
  6740 | D:9      | Reached ***** piety under Trog
  7244 | D:9      | Found a staircase to the Lair.
  7615 | D:10     | Entered Level 10 of the Dungeon
  7615 | D:10     | Noticed Grum
  7875 | D:10     | Received a gift from Trog
  8008 | D:10     | Reached XP level 11. HP: 104/108 MP: 10/10
  8153 | D:10     | Noticed a hill giant
  8159 | D:10     | Killed a hill giant
  8440 | D:10     | Reached skill level 14 in Fighting
  8442 | D:10     | Reached skill level 10 in Armour
  8539 | D:10     | Killed Grum
  9146 | D:11     | Found a staircase to the Orcish Mines.
  9475 | D:11     | Received a gift from Trog
  9640 | D:11     | Noticed a cyan ugly thing
  9644 | D:11     | Killed a cyan ugly thing
  9836 | D:11     | Noticed a hill giant
  9840 | D:11     | Killed a hill giant
 10381 | D:12     | Reached skill level 15 in Fighting
 10419 | D:11     | Upgraded the game from 0.19-b1-5-gdc9fa9d to 0.19.0
 10464 | D:12     | Noticed Frances
 10513 | D:12     | Killed Frances
 10513 | D:12     | Reached XP level 12. HP: 119/119 MP: 11/11
 10572 | D:12     | Noticed a centaur warrior
 10579 | D:12     | Killed a centaur warrior
 10997 | D:12     | Reached ****** piety under Trog
 11398 | D:12     | You fall through a shaft for 2 floors!
 11406 | D:14     | Noticed a centaur warrior
 11421 | D:14     | Killed a centaur warrior
 11430 | D:14     | Noticed Grim's ghost (journeyman MiBe)
 11438 | D:14     | Noticed Azrael
 11440 | D:14     | Reached skill level 5 in Dodging
 11442 | D:14     | Reached skill level 16 in Fighting
 11601 | D:13     | Received a gift from Trog
 12007 | D:13     | Noticed a centaur warrior
 12136 | D:13     | Reached XP level 13. HP: 130/130 MP: 12/12
 12384 | D:13     | Reached skill level 15 in Axes
 12922 | D:13     | Found a gate to the Vaults.
 13599 | D:13     | Reached skill level 17 in Fighting
 13979 | D:13     | Noticed a fire giant
 13994 | D:13     | Killed a fire giant
 14343 | D:13     | Got a translucent plate armour
 14354 | D:13     | Identified the +8 plate armour "Resusuwi" {Int+5} (You found it on level 13 of the Dungeon)
 14588 | D:13     | Reached XP level 14. HP: 136/140 MP: 13/13
 14828 | D:14     | Killed Grim's ghost
 14957 | D:14     | Killed Azrael
 14957 | D:14     | Reached skill level 10 in Dodging
 14961 | D:14     | Received a gift from Trog
 15033 | D:14     | Noticed Urug
 15047 | D:14     | Killed Urug
 15195 | D:14     | Found an iron altar of Okawaru.
 15665 | D:15     | Entered Level 15 of the Dungeon
 15904 | D:14     | Reached skill level 18 in Fighting
 16086 | D:15     | Paralysed by an ogre mage for 2 turns
 16248 | D:15     | Found a staircase to the Depths.
 16328 | Depths:1 | Entered Level 1 of the Depths
 16328 | Depths:1 | Found a gateway to Hell.
 17504 | Orc:1    | Entered Level 1 of the Orcish Mines
 17520 | Orc:1    | Received a gift from Trog
 17849 | Orc:2    | Entered Level 2 of the Orcish Mines
 17857 | Orc:2    | Found a staircase to the Elven Halls.
 17858 | Orc:2    | Noticed Sonja
 18090 | Orc:2    | Cast into level 2 of the Abyss (Sonja)
 18090 | Abyss:2  | Found a corrupted altar of Lugonu.
 18248 | Abyss:2  | Killed a ghost moth
 18314 | Abyss:2  | Noticed a starcursed mass
 18372 | Abyss:2  | Noticed a tentacled starspawn
 18378 | Abyss:2  | Killed a tentacled starspawn
 18489 | Abyss:2  | Noticed a brown very ugly thing
 18493 | Abyss:2  | Received a gift from Trog
 18500 | Orc:2    | Escaped the Abyss
 19077 | Orc:2    | Reached XP level 15. HP: 120/120 MP: 14/14
 19842 | Orc:2    | Found an ancient bone altar of Kikubaaqudgha.
 19842 | Orc:2    | Noticed Rupert
 19846 | Orc:2    | Reached skill level 19 in Fighting
 19854 | Orc:2    | Killed Rupert
 19856 | Orc:2    | Found Caokhle's Book Emporium.
 19857 | Orc:2    | Paralysed by an orc sorcerer for 4 turns
 19863 | Orc:2    | Noticed Erolcha
 20232 | Orc:2    | Killed Erolcha
 20515 | Orc:2    | Found a radiant altar of Vehumet.
 20557 | Orc:2    | Found a roughly hewn altar of Beogh.
 20557 | Orc:2    | Found Zekoza Gyng's Distillery.
 20573 | Orc:2    | Found Fescheqo's Antique Armour Shoppe.
 20583 | Orc:2    | Found Koacviege's Distillery.
 20592 | Orc:2    | Bought a potion of heal wounds for 80 gold pieces
 20592 | Orc:2    | Bought a potion of curing for 48 gold pieces
 20592 | Orc:2    | Bought a potion of beneficial mutation for 560 gold pieces
 20601 | Orc:2    | Bought a bloodstained cloak for 304 gold pieces
 20736 | Orc:2    | Cast into level 1 of the Abyss (Sonja)
 20736 | Abyss:1  | Found a corrupted altar of Lugonu.
 20755 | Abyss:1  | Gained mutation: Scrolls take you a little longer to read. [a neqoxec]
 20778 | Abyss:1  | Received a gift from Trog
 20930 | Abyss:1  | Gained mutation: You occasionally shout uncontrollably at your foes. [a neqoxec]
 21022 | Abyss:1  | Found a corrupted altar of Lugonu.
 21128 | Orc:2    | Escaped the Abyss
 21128 | Orc:2    | HP: 4/152 [Sonja/uncursed dagger of distortion (18)]
 21128 | Orc:2    | Demolished by Sonja

Skill      XL: |  1  2  3  4  5  6  7  8  9 10 11 12 13 14 15 |
---------------+----------------------------------------------+-----
Fighting       | 4 5 6 8 9 10 11 12 13 15 16 17 18 19 | 19.3
Axes           | 4 6 8 10 11 13 14 16 17 18 | 18.1
Armour         | 4 7 9 11 12 | 12.0
Dodging        | 6 9 11 12 | 12.6

Action                   |  1- 3 |  4- 6 |  7- 9 | 10-12 | 13-15 || total
-------------------------+-------+-------+-------+-------+-------++-------
Melee: Hand axe          |    62 |    21 |       |       |       ||    83
       Headbutt          |    13 |    15 |    38 |   106 |   177 ||   349
       Battleaxe         |       |    58 |   153 |   416 |   485 ||  1112
       Long sword        |       |     4 |       |       |       ||     4
       Executioner's axe |       |       |       |       |   210 ||   210
Invok: Berserk           |     2 |     4 |    12 |    27 |    40 ||    85
  Use: Scroll            |       |     5 |     2 |    17 |     7 ||    31
       Potion            |       |       |       |       |    13 ||    13
 Stab: Distracted        |       |       |       |       |     2 ||     2
  Eat: Bread ration      |     1 |     1 |     2 |       |     5 ||     9
       Beef jerky        |     1 |       |       |       |     2 ||     3
       Meat ration       |       |       |     2 |     5 |     4 ||    11
       Royal jelly       |       |       |     2 |     1 |       ||     3
       Pizza             |       |       |     1 |       |     6 ||     7
       Chunk             |       |       |       |    17 |     7 ||    24
       Fruit             |       |       |       |     2 |     6 ||     8
Armor: Animal skin       |     7 |       |       |       |       ||     7
       Scale mail        |       |    45 |    26 |       |       ||    71
       Plate armour      |       |       |    51 |   197 |   357 ||   605
       Chain mail        |       |       |       |    60 |    66 ||   126
Dodge: Dodged            |    42 |    56 |    65 |   186 |   417 ||   766
       Rpst.: Long sword |       |     1 |       |       |       ||     1
